 Dungeon Crawl Stone Soup version 0.27.1 (webtiles) character file.

Game seed: 9463515463790359425

5377 Sabo the Covered (level 10, -15/115 HPs)
             Began as a Demonspawn Fighter on Aug 26, 2021.
             Was a Priest of Trog.
             Killed from afar by a deep elf pyromancer (22 damage)
             ... with a bolt of fire
             ... on level 7 of the Dungeon.
             The game lasted 00:40:30 (6563 turns).

Sabo the Covered (Demonspawn Fighter)               Turns: 6563, Time: 00:40:31

Health: -15/115    AC: 18    Str: 17    XL:     10   Next: 39%
Magic:  10/10      EV:  9    Int: 11    God:    Trog [***...]
Gold:   270        SH:  7    Dex: 20    Spells: 9/9 levels left

rFire    + . .     SeeInvis .   F - +7 long sword "Aubergine" {vorpal, rC+++ Str-2 Dex+8 Stlth-}
rCold    + + +     Faith    .   j - +1 buckler {reflect}
rNeg     . . .     Spirit   .   o - +0 chain mail {rC+}
rPois    .         Reflect  +   n - +0 helmet
rElec    .         Harm     .   s - +0 cloak
rCorr    +         Rampage  .   c - +0 pair of gloves
Will     .....                  (no boots)
Stlth    ..........             h - amulet of regeneration
HPRegen  1.29/turn              g - ring of resist corrosion
MPRegen  0.12/turn              (no ring)

@: berserking, very quick
A: claws 1, molten scales 3, spiny 2
a: Renounce Religion, Berserk, Trog's Hand


You were on level 7 of the Dungeon.
You worshipped Trog.
Trog was most pleased with you.
You visited 1 branch of the dungeon, and saw 7 of its levels.

You collected 360 gold pieces.
You spent 90 gold pieces at shops.

Inventory:

Hand Weapons
 a - a +0 war axe
 k - a +2 morningstar
 A - a +0 hand axe of draining
 B - a +0 fustibalus
 D - a +0 arbalest
 F - the +7 long sword "Aubergine" (weapon) {vorpal, rC+++ Str-2 Dex+8 Stlth-}
   (You found it on level 5 of the Dungeon)

   It inflicts extra damage upon your enemies.
   Str:       It affects your strength (-2).
   Dex:       It affects your dexterity (+8).
   rC:        It renders you almost immune to cold.
   Stlth:     It makes you less stealthy.
 G - a +1 flail of protection
 K - a +1 spear of flaming
 N - a +0 bardiche
 P - a +3 great sword
Missiles
 i - 104 sling bullets
 y - 3 poisoned darts (quivered)
 C - 32 arrows
 H - 2 javelins
 L - a throwing net
Armour
 c - a +0 pair of gloves (worn)
 j - a +1 buckler of reflection (worn)
 n - a +0 helmet (worn)
 o - a +0 chain mail of cold resistance (worn)
 s - a +0 cloak (worn)
Jewellery
 g - a ring of resist corrosion (left hand)
 h - an amulet of regeneration (around neck)
Wands
 b - a wand of digging (5)
 d - a wand of flame (36)
 e - a wand of polymorph (7)
 l - a wand of acid (8)
 x - a wand of charming (10)
 E - a wand of mindburst (15)
Scrolls
 f - 2 scrolls of magic mapping
 m - a scroll of blinking
 v - a scroll of fog {unknown}
 J - a scroll of vulnerability {unknown}
 M - a scroll of brand weapon {unknown}
 O - a scroll of teleportation
Potions
 p - a potion of cancellation {unknown}
 q - a potion of lignification {unknown}
 r - 2 potions of invisibility
 t - a potion of attraction {unknown}
 u - a potion of haste {unknown}
 w - a potion of brilliance {unknown}
 z - 4 potions of curing
 I - 4 potions of heal wounds {unknown}


   Skills:
 + Level 6.6 Fighting
 + Level 6.7 Long Blades
 + Level 6.5 Axes
 + Level 7.5 Armour
 + Level 3.0 Dodging
 + Level 1.1 Stealth
 + Level 5.5 Shields


You had 9 spell levels left.
You didn't know any spells.
Your spell library contained the following spells:

 Spells                   Type           Power      Damage    Failure   Level
 Foxfire                  Conj/Fire      0%         2x1d4     99%         1
 Slow                     Hex            0%         N/A       99%         2
 Confusing Touch          Hex            0%         N/A       100%        3
 Conjure Flame            Conj/Fire      0%         6-21      100%        3
 Gell's Gravitas          Tloc           0%         N/A       100%        3
 Inner Flame              Hex/Fire       0%         N/A       100%        3
 Lesser Beckoning         Tloc           0%         N/A       100%        3
 Teleport Other           Tloc           0%         N/A       100%        3
 Vampiric Draining        Necr           0%         2d6       100%        3


Dungeon Overview and Level Annotations

Branches:
Dungeon (7/15)             Temple (0/1) D:4

Altars:
Elyvilon
Fedhas
Gozag
Nemelex Xobeh
Ru
Sif Muna
Trog
Xom
Zin
The Shining One

Annotations:
D:7 1 transporter


Innate Abilities, Weirdness & Mutations

You have sharp fingernails.
You are completely covered in molten scales. (AC +4, rF+)
You are mostly covered in sharp spines.


Message History

The fire elemental is severely damaged.
You block the fire elemental's attack.
The deep elf pyromancer is struck by your spines.
The deep elf pyromancer hits you but does no damage.
You closely miss the fire elemental.
The fire elemental is severely damaged.
The fire elemental is struck by your spines.
The fire elemental hits you. The fire elemental burns you! You resist.
The deep elf pyromancer mumbles some strange words.
The fire elemental hits you. The fire elemental burns you! You resist.
You slash the fire elemental!
You destroy the fire elemental!
The deep elf pyromancer is struck by your spines.
The deep elf pyromancer barely misses you.
The fire elemental hits you. The fire elemental burns you! You resist.
* * * LOW HITPOINT WARNING * * *
The deep elf pyromancer is struck by your spines.
The deep elf pyromancer hits you but does no damage.
You slash the fire elemental!
The fire elemental is heavily damaged.
The fire elemental hits you. The fire elemental burns you! You resist.
* * * LOW HITPOINT WARNING * * *
The fire elemental hits you. The fire elemental burns you! You resist.
* * * LOW HITPOINT WARNING * * *
The deep elf pyromancer is struck by your spines.
The deep elf pyromancer completely misses you.
You block the fire elemental's attack.
The fire elemental is struck by your spines.
The fire elemental hits you. The fire elemental burns you! You resist.
* * * LOW HITPOINT WARNING * * *
A red film seems to cover your vision as you go berserk!
You feel yourself moving faster!
You feel mighty!
The fire elemental is struck by your spines.
The fire elemental barely misses you. The fire elemental hits you.
* * * LOW HITPOINT WARNING * * *
The fire elemental burns you! You resist.
* * * LOW HITPOINT WARNING * * *
The deep elf pyromancer points at you and mumbles some strange words.
The bolt of fire hits you!! You resist.
You die...

#..............#'###.>...#
#.##...........#...#.....#
#.#..#########.....#.....#
#.#.##.......##....#.....#
#.#.#8.##.##.8#.##'#....:#
#.#.#$(##.##..#..........#
#...#_(.°.....#..........#
#..©#_$..EE©..#©..........
##..#_)..@e°..#...........
##.#$[##†##..#...........
#.#8.##.##.8#...........
#.##...©...##...........
#..#########............
##...........#..........
######################. #.
#.


You could see a deep elf pyromancer and 2 fire elementals.

Vanquished Creatures
  Pikel (D:4)
  A manticore (D:7)
  Sigmund (D:2)
  6 yaks (D:6)
  Eustachio (D:5)
  A steam dragon (D:6)
  Edmund (D:5)
  Menkaure (D:6)
  An acid dragon (D:6)
  2 water moccasins
  3 ice beasts (D:6)
  2 ogres (D:5)
  3 sky beasts (D:6)
  2 necrophages (D:6)
  The ghost of r3algoood the Magician, an amateur DjFE (D:4)
  2 phantoms (D:6)
  A bullfrog (D:7)
  A scorpion (D:7)
  2 water moccasin zombies
  4 killer bees (D:7)
  9 wights
  2 howler monkeys (D:6)
  A crimson imp (D:7)
  A bullfrog zombie (D:6)
  An orc priest (D:5)
  2 centaur zombies (D:6)
  2 hounds
  A centaur skeleton (D:7)
  2 jellies (D:4)
  5 iguanas
  Natasha (thrice) (D:4)
  An orc wizard (D:5)
  A howler monkey zombie (D:7)
  9 gnolls
  8 adders
  A shadow imp (D:6)
  A white imp (D:6)
  2 worms (D:2)
  A dart slug (D:3)
  10 orcs
  6 ball pythons
  4 bats
  7 endoplasms
  A giant cockroach (D:2)
  5 goblins
  6 hobgoblins
  3 frilled lizards
  A goblin zombie (D:7)
  A hobgoblin zombie (D:7)
  A kobold (D:4)
  2 kobold zombies (D:7)
  2 orc skeletons (D:7)
  3 rats
142 creatures vanquished.

Vanquished Creatures (others)
  2 plants (D:4)
2 creatures vanquished.

Grand Total: 144 creatures vanquished

Notes
Turn   | Place    | Note
-------+----------+-------------------------------------------
     0 | D:1      | Sabo the Demonspawn Fighter began the quest for the Orb.
     0 | D:1      | Reached XP level 1. HP: 18/18 MP: 1/1
   160 | D:1      | Gained mutation: You are partially covered in molten
                  | scales. (AC +2) [demonic ancestry]
   160 | D:1      | Reached XP level 2. HP: 2/24 MP: 2/2
   457 | D:1      | Reached skill level 3 in Armour
  1006 | D:1      | Gained mutation: You are partially covered in sharp spines.
                  | [demonic ancestry]
  1006 | D:1      | Reached XP level 3. HP: 29/29 MP: 3/3
  1059 | D:1      | You fall into a shaft and drop 1 floor!
  1202 | D:2      | Noticed Sigmund
  1218 | D:2      | Killed Sigmund
  1219 | D:2      | Reached XP level 4. HP: 29/37 MP: 4/4
  1219 | D:2      | Gained mutation: You are mostly covered in sharp spines.
                  | [demonic ancestry]
  1219 | D:2      | Reached XP level 5. HP: 33/42 MP: 5/5
  2054 | D:3      | Found a faded altar of an unknown god.
  2099 | D:3      | Became a worshipper of Trog the Wrathful
  2099 | D:3      | Reached * piety under Trog
  2354 | D:3      | Reached skill level 4 in Armour
  2520 | D:3      | Identified a scroll of acquirement
  2521 | D:3      | Acquired a +1 buckler of reflection
  2542 | D:4      | Found a staircase to the Ecumenical Temple.
  2553 | D:4      | Noticed Natasha
  2560 | D:4      | Killed Natasha
  2561 | D:4      | Gained mutation: You are mostly covered in molten scales.
                  | (AC +3) [demonic ancestry]
  2561 | D:4      | Reached XP level 6. HP: 48/48 MP: 6/6
  2569 | D:4      | Reached skill level 1 in Dodging
  2628 | D:4      | Noticed Natasha
  2641 | D:4      | Killed Natasha
  2701 | D:4      | Found a runed translucent door.
  2709 | D:4      | Noticed r3algoood's ghost (amateur DjFE)
  2726 | D:4      | Killed r3algoood's ghost
  2920 | D:4      | Noticed Natasha
  2926 | D:4      | Noticed Pikel
  2928 | D:4      | Killed Natasha
  2942 | D:4      | Killed Pikel
  2943 | D:4      | Reached skill level 5 in Axes
  2943 | D:4      | Reached skill level 1 in Stealth
  2943 | D:4      | Reached XP level 7. HP: 43/55 MP: 7/7
  3005 | D:4      | Found a blossoming altar of Fedhas.
  3236 | D:4      | Found a bloodstained altar of Trog.
  3332 | D:5      | Entered Level 5 of the Dungeon
  3332 | D:5      | Noticed Eustachio
  3342 | D:5      | Killed Eustachio
  3343 | D:5      | Reached skill level 5 in Armour
  3343 | D:5      | Reached XP level 8. HP: 61/61 MP: 8/8
  3388 | D:5      | Reached ** piety under Trog
  3821 | D:5      | Reached skill level 5 in Fighting
  3878 | D:5      | Identified the +7 long sword "Aubergine" {vorpal, rC+++
                  | Str-2 Dex+8 Stlth-}
  3928 | D:5      | Noticed Edmund
  3937 | D:5      | Killed Edmund
  3965 | D:5      | Reached skill level 6 in Armour
  4359 | D:6      | Noticed Menkaure
  4368 | D:6      | Killed Menkaure
  4369 | D:6      | Reached skill level 1 in Long Blades
  4377 | D:6      | Gained mutation: You are completely covered in molten
                  | scales. (AC +4, rF+) [demonic ancestry]
  4377 | D:6      | Reached XP level 9. HP: 43/68 MP: 9/9
  4567 | D:6      | Found an opulent altar of Gozag.
  4649 | D:6      | Reached skill level 5 in Shields
  4941 | D:6      | Reached skill level 5 in Long Blades
  4942 | D:6      | Reached *** piety under Trog
  5076 | D:6      | Reached skill level 7 in Armour
  5076 | D:6      | Gained mutation: You have sharp fingernails. [demonic
                  | ancestry]
  5076 | D:6      | Reached XP level 10. HP: 77/77 MP: 10/10
  5571 | D:7      | Found a transporter.
  5573 | D:7      | Found a sacrificial altar of Ru.
  5574 | D:7      | Found a shimmering altar of Xom.
  5577 | D:7      | Noticed a manticore
  5587 | D:7      | Found a shimmering blue altar of Sif Muna.
  5587 | D:7      | Noticed a deep elf pyromancer
  5597 | D:7      | Found a transporter.
  5703 | D:7      | Found Zin's Purification Station.
  5718 | D:7      | Bought a potion of curing for 90 gold pieces
  6180 | D:7      | Found a sparkling altar of Nemelex Xobeh.
  6550 | D:7      | Killed a manticore
  6563 | D:7      | Killed from afar by a deep elf pyromancer

Illustrated notes

Levels and vault maps discovered:
D:1:      heliophobic_arrival_enchanted_forest, layout_basic, fountainhead
D:2:      layout_rooms, basic_altar, uniq_sigmund
D:3:      layout_rooms, shapermc_ecumenical_altar_totnotflames, st_stairs_13,
          dk_noncrumbling_3
D:4:      layout_basic, general_overflow_altar, fedhas_ov_isle_minmay,
          minmay_temple_entry_tees, ebering_ghost_sewer_d, uniq_pikel,
          uniq_natasha
D:5:      layout_cave_pools, minivault_26, uniq_eustachio, uniq_edmund
D:6:      minmay_diamond_boxcup, layout_loops_ring, lemuel_doored_altar,
          uniq_menkaure
D:7:      layout_gridville, nemelex_spade_bored_becter,
          mainiacjoe_overflow_boulevard, nicolae_tso_besieged_by_evil,
          zin_purify, gammafunk_temple_overflow_arena

Skill      XL: |  1  2  3  4  5  6  7  8  9 10 |
---------------+-------------------------------+-----
Armour         | 3 4 5 6 7 |  7.5
Shields        | 3 4 5 |  5.5
Axes           | 2 3 5 6 |  6.5
Fighting       | 4 5 6 |  6.6
Dodging        | 1 2 3 |  3.0
Stealth        | 1 |  1.1
Long Blades    | 1 5 6 |  6.7

Action                   |  1- 3 |  4- 6 |  7- 9 | 10-12 || total
-------------------------+-------+-------+-------+-------++-------
Melee: War axe           |    92 |    68 |    49 |       ||   209
       Long sword        |       |       |   116 |    79 ||   195
Invok: Berserk           |       |       |     3 |     1 ||     4
  Use: Potion            |     1 |       |       |     1 ||     2
       Scroll            |       |     4 |       |     3 ||     7
Armor: Scale mail        |    41 |       |       |       ||    41
       Plate armour      |     8 |     3 |       |       ||    11
       Chain mail        |       |    44 |   111 |    59 ||   214
Dodge: Dodged            |    23 |     9 |    58 |    31 ||   121
Block: Kite shield       |    44 |    10 |       |       ||    54
       Buckler           |       |    17 |    66 |    36 ||   119
       Reflection        |       |       |     1 |       ||     1
       Rpst.: Long sword |       |       |    12 |     6 ||    18
